 Dungeon Crawl Stone Soup version 0.28-a0-1624-g820543e53a (webtiles) character file.

Game seed: 8939036720676714479

1849 zazu2006 the Magician (level 9, 0/74 HPs)
             Began as a Naga Hedge Wizard on Jan 23, 2022.
             Was an Initiate of Vehumet.
             Succumbed to a water moccasin's poison
             ... on level 5 of the Dungeon.
             The game lasted 00:13:27 (6599 turns).

zazu2006 the Magician (Naga Hedge Wizard)           Turns: 6599, Time: 00:13:27

Health: 0/74       AC:  6    Str: 15    XL:     9   Next: 12%
Magic:  12/18      EV:  9    Int: 16    God:    Vehumet [......]
Gold:   315        SH:  0    Dex: 11    Spells: 11/20 levels left

rFire   . . .      SeeInvis +   k - +0 long sword
rCold   . . .      Faith    .   (no shield)
rNeg    . . .      Spirit   .   j - +0 leather armour
rPois   +          Reflect  .   c - +0 hat
rElec   .          Harm     .   (no cloak)
rCorr   .          Rampage  .   e - +0 pair of gloves
Will    +....                   (no barding)
Stlth   +++.......              (no amulet)
HPRegen 0.22/turn               (no ring)
MPRegen 0.16/turn               (no ring)

@: lethally poisoned (0 -> -17), attractive, hasted, quick
A: AC +3, large, see invisible, deformed body, poison resistance, slowness 2,
spit poison 1, naga tail 1
a: Spit Poison, Renounce Religion


You were on level 5 of the Dungeon.
You worshipped Vehumet.
Vehumet was noncommittal.
You visited 2 branches of the dungeon, and saw 6 of its levels.

You collected 315 gold pieces.

Inventory:

Hand Weapons
 g - a +2 dagger of speed
 k - a +0 long sword (weapon)
Armour
 c - a +0 hat (worn)
 e - a +0 pair of gloves (worn)
 j - a +0 leather armour (worn)
Wands
 i - a wand of acid (1)
Scrolls
 a - 4 scrolls of identify {unknown}
 f - a scroll of noise {unknown}
 l - 2 scrolls of magic mapping {unknown}
 n - a scroll of fog {unknown}
 q - 2 scrolls of amnesia {unknown}
 s - a scroll of teleportation {unknown}
Potions
 b - a potion of haste
 d - a potion of degeneration {unknown}
 h - a potion of magic {unknown}
 m - 2 potions of attraction
 o - a potion of lignification {unknown}
 p - a potion of brilliance {unknown}
 r - a potion of ambrosia {unknown}


   Skills:
 + Level 2.4 Fighting
 + Level 2.8 Long Blades
 + Level 3.2 Armour
 + Level 2.5 Dodging
 + Level 5.9 Stealth
 + Level 6.1 Spellcasting
 + Level 4.0 Conjurations
 + Level 1.0 Summonings
 + Level 1.1 Translocations
 + Level 1.2 Air Magic
 * Level 6.0 Poison Magic
 + Level 1.0 Evocations


You had 11 spell levels left.
You knew the following spells:

 Your Spells              Type           Power      Damage    Failure   Level
a - Magic Dart            Conj           72%        1d6       3%          1
b - Mephitic Cloud        Conj/Pois/Air  17%        N/A       11%         3
c - Conjure Flame         Conj/Fire      11%        6-21      22%         3
d - Blink                 Tloc           16%        N/A       16%         2

Your spell library contained the following spells:

 Spells                   Type           Power      Damage    Failure   Level
 Shock                    Conj/Air       52%        1d6       5%          1
 Static Discharge         Conj/Air       13%        N/A       9%          2
 Slow                     Hex            16%        N/A       17%         1
 Call Imp                 Summ           8%         N/A       17%         2
 Swiftness                Air            9%         N/A       30%         3
 Hailstorm                Conj/Ice       11%        3d5       56%         4
 Sticky Flame             Conj/Fire      11%        2d3       56%         4
 Airstrike                Air            4%         N/A       69%         4
 Dispel Undead            Necr           4%         3d7       86%         4
 Ice Form                 Ice/Tmut       4%         N/A       86%         4
 Simulacrum               Ice/Necr       2%         N/A       100%        6


Dungeon Overview and Level Annotations

Branches:
Dungeon (5/15)             Temple (1/1) D:5

Altars:
Dithmenos
Fedhas
Kikubaaqudgha
Makhleb
Uskayaw
Vehumet


Innate Abilities, Weirdness & Mutations

Your serpentine skin is tough. (AC +3)
You have supernaturally acute eyesight. (SInv)
Armour fits poorly on your strangely shaped body.
Your system is resistant to poisons. (rPois)
You cover ground very slowly.
You can spit poison.
You have a snake-like lower body.


Message History

The black bear is almost dead.
You feel stable enough to blink again.
You hear an angry hiss.
The black bear is engulfed in noxious fumes.
The black bear appears confused.
The black bear bites the black bear.
The black bear is killed!
Vehumet accepts your kill.
The black bear bites itself.
The black bear is killed!
Vehumet accepts your kill.
The hound skeleton is attracted toward you.
Unknown command.
You hit the hound skeleton.
The hound skeleton is lightly damaged.
The hound skeleton bites you.
* * * LOW HITPOINT WARNING * * *
You slash the hound skeleton! You punch the hound skeleton.
The hound skeleton is severely damaged.
The hound skeleton bites you but does no damage. x2
You hit the hound skeleton.
The hound skeleton is almost destroyed.
The hound skeleton bites you but does no damage.
You hit the hound skeleton but do no damage.
The hound skeleton is almost destroyed.
The hound skeleton bites you but does no damage.
The hound skeleton closely misses you.
You hit the hound skeleton.
You destroy the hound skeleton!
Vehumet accepts your kill.
Your Poison Magic skill increases to level 6!
An adder comes into view.
The water moccasin hisses angrily.
The adder is attracted toward you. The water moccasin barely misses you.
The water moccasin bites you!
* * * LOW HITPOINT WARNING * * *
You are lethally poisoned!
The water moccasin poisons you!
It was a potion of haste.
You feel yourself speed up.
You die...

...#.. ##.#
##..# .#..#.#
#.## ##.#
###.... #..# #.#
########## #.#
##... #.#
#'.8.### #.#
#...#.# #.#
#..#...#)#####.#
#'.8§S.#S@...#
#.#...#....####
#...#....#
#'.8.#....#
##...###### ####


You could see a water moccasin.

Vanquished Creatures
  Pikel (D:4)
  2 black bears (D:5)
  An orc warrior (D:3)
  An ice beast (D:5)
  An ogre (D:5)
  A phantom (D:4)
  A gnoll sergeant (D:5)
  3 scorpions (D:5)
  A centaur zombie (D:5)
  2 hounds
  An iguana (D:3)
  5 orc priests (D:5)
  Jessica (D:2)
  A bullfrog skeleton (D:5)
  2 orc wizards (D:5)
  A hound zombie (D:5)
  2 hound skeletons
  7 gnolls
  7 adders
  A white imp (D:5)
  An adder skeleton (D:4)
  4 worms
  2 dart slugs (D:1)
  11 orcs
  6 bats
  4 endoplasms
  7 goblins
  11 hobgoblins
  4 jackals (D:4)
  4 kobolds
  4 quokkas
  7 ball pythons
  4 frilled lizards
  7 rats
118 creatures vanquished.

Notes
Turn   | Place    | Note
-------+----------+-------------------------------------------
     0 | D:1      | zazu2006 the Naga Hedge Wizard began the quest for the Orb.
     0 | D:1      | Reached XP level 1. HP: 15/15 MP: 4/4
     2 | D:1      | Noticed a ghoul
     2 | D:1      | Noticed an elf
     6 | D:1      | Noticed a merfolk
     8 | D:1      | Noticed a minotaur
     8 | D:1      | Noticed a formicid
    10 | D:1      | Noticed a demigod
    12 | D:1      | Noticed an ogre
    12 | D:1      | Noticed a demonspawn
    14 | D:1      | Noticed a vampire
    16 | D:1      | Noticed a draconian
    16 | D:1      | Noticed a dwarf
    18 | D:1      | Noticed a tengu
    18 | D:1      | Noticed a troll
    20 | D:1      | Noticed an octopode
    20 | D:1      | Noticed a spriggan
    22 | D:1      | Noticed a vine stalker
    22 | D:1      | Noticed a felid
    24 | D:1      | Noticed a gargoyle
    24 | D:1      | Noticed a naga
    26 | D:1      | Noticed a human
   278 | D:1      | Reached XP level 2. HP: 22/22 MP: 3/6
   852 | D:1      | Reached XP level 3. HP: 24/28 MP: 2/8
   856 | D:1      | Learned a level 3 spell: Mephitic Cloud
   860 | D:1      | Learned a level 3 spell: Conjure Flame
   863 | D:1      | Learned a level 2 spell: Blink
  1647 | D:2      | Reached XP level 4. HP: 36/36 MP: 4/9
  1704 | D:2      | Reached skill level 1 in Poison Magic
  1834 | D:2      | Noticed Jessica
  1855 | D:2      | Killed Jessica
  2362 | D:2      | Found a faded altar of an unknown god.
  2829 | D:3      | Reached XP level 5. HP: 41/42 MP: 1/11
  2880 | D:3      | Noticed an orc warrior
  3095 | D:3      | Killed an orc warrior
  3096 | D:3      | Reached XP level 6. HP: 32/49 MP: 3/12
  3843 | D:4      | Reached skill level 5 in Spellcasting
  4829 | D:4      | Noticed Pikel
  4842 | D:4      | Killed Pikel
  4843 | D:4      | Reached skill level 1 in Fighting
  4843 | D:4      | Reached skill level 1 in Long Blades
  4843 | D:4      | Reached skill level 1 in Armour
  4843 | D:4      | Reached XP level 7. HP: 34/57 MP: 4/15
  5155 | D:5      | Entered Level 5 of the Dungeon
  5345 | D:5      | Reached XP level 8. HP: 63/64 MP: 6/16
  5405 | D:5      | Reached skill level 5 in Stealth
  5719 | D:5      | Found a staircase to the Ecumenical Temple.
  5782 | Temple   | Entered the Ecumenical Temple
  5790 | Temple   | Became a worshipper of Vehumet
  5920 | D:4      | Reached skill level 1 in Air Magic
  5920 | D:4      | Reached skill level 5 in Poison Magic
  6586 | D:5      | Reached skill level 1 in Evocations
  6586 | D:5      | Reached XP level 9. HP: 14/73 MP: 15/18
  6599 | D:5      | Succumbed to a water moccasin's poison

Illustrated notes

Levels and vault maps discovered:
D:1:      kb_arrival_jail, layout_loops_ring
D:2:      layout_loops_cross, nicolae_ecumenical_lake_church,
          minmay_pentomino_u2, uniq_jessica
D:3:      layout_loops_cross
D:4:      layout_cave_pools, serial_glass, glass_columns_c, glass_columns_c,
          glass_columns_a, glass_columns_c, minmay_strange_pillars,
          feat_on_display, item_on_display_a, due_unseen_surprise,
          minmay_fractal_squares_diagonal_5, uniq_pikel
D:5:      minmay_chambers_of_threes, layout_rooms, temple_green
Temple:   nicolae_temple_the_god_donut

Skill      XL: |  1  2  3  4  5  6  7  8  9 |
---------------+----------------------------+-----
Stealth        | 4 5 |  5.9
Poison Magic   | 1 2 4 5 6 |  6.0
Spellcasting   | 4 5 6 |  6.1
Conjurations   | 2 3 4 |  4.0
Fighting       | 1 2 |  2.4
Long Blades    | 1 2 |  2.8
Armour         | 1 2 3 |  3.2
Dodging        | 2 |  2.5
Air Magic      | 1 |  1.2
Evocations     | 1 |  1.0
Summonings     | |  1.0
Translocations | |  1.1

Action                   |  1- 3 |  4- 6 |  7- 9 || total
-------------------------+-------+-------+-------++-------
Melee: Dagger            |       |    27 |       ||    27
       Punch             |       |     2 |     2 ||     4
       Long sword        |       |    30 |    92 ||   122
 Cast: Magic Dart        |    71 |   129 |    39 ||   239
       Mephitic Cloud    |       |     5 |    12 ||    17
       Conjure Flame     |       |     1 |     1 ||     2
       Blink             |       |       |     2 ||     2
 Abil: Spit Poison       |    11 |    21 |    14 ||    46
Evoke: Wand              |       |     3 |     8 ||    11
  Use: Potion            |       |       |     2 ||     2
 Stab: Confused          |       |     1 |     4 ||     5
Armor: Robe              |     2 |     1 |       ||     3
       Leather armour    |       |    30 |    31 ||    61
Dodge: Dodged            |     2 |    54 |    65 ||   121

Table legend: (Time is in decaauts)
 A = Elapsed time spent in this place.
 B = Non-inter-level travel time spent in this place.
 C = Inter-level travel time spent in this place.
 D = Time resting spent in this place.
 E = Time spent auto-exploring this place.
 F = Levels seen in this place.
 G = Mean time per level.
                   A        B        C        D        E       F      G
               +--------+--------+--------+--------+--------+-----+--------+
         Total |   7839 |   7536 |    303 |    453 |   5838 |   6 | 1306.5 |
       Dungeon |   7818 |   7525 |    293 |    453 |   5838 |   5 | 1563.6 |
        Temple |     20 |     10 |     10 |      0 |      0 |   1 |   20.0 |
               +--------+--------+--------+--------+--------+-----+--------+

Top non-repeatable levels by time:
     D:4: 2057 daAuts
     D:2: 1604 daAuts
     D:1: 1540 daAuts
     D:3: 1434 daAuts
     D:5: 1181 daAuts
  Temple: 20 daAuts
